Map: Odyssey LE

Players

Namshar - Winner!

  • Race: Zerg Zerg
  • Spawn Location: 5:00

Solbessx

  • Race: Zerg Zerg
  • Spawn Location: 11:00

Event: WCS Valencia 2017

VOD

Have the link to the VOD?

Description

Time

  • Played on: July 13, 2017, 6:45 a.m.
  • Length: 4:49

All games in this series

Show
View Real Time Build Order
Export as new Build Order

Namshar Zerg - Winner!

Build Orders: Hatch First 

Get SALT Encoding   

  12  0:00  Drone  
  13  0:12  Overlord  
  13  0:17  Drone  
  14  0:30  Drone x2  
  14  0:35  Drone  
  17  0:52  Hatchery  
  17  0:54  Drone  
  17  0:57  Drone  
  18  1:09  Extractor  
  17  1:12  Spawning Pool  
  17  1:15  Drone  
  17  1:19  Drone  
  18  1:27  Drone  
  19  1:38  Overlord  
  19  1:49  Drone  
  20  1:59  Queen, Zergling x2  
  23  2:04  Queen, Zergling x2  
  23  2:08  Metabolic Boost  
  26  2:12  Zergling x2  
  26  2:15  Drone  
  28  2:21  Drone  
  29  2:26  Drone  
  30  2:30  Baneling Nest  
  30  2:32  Drone  
  30  2:38  Drone  
  31  2:45  Drone  
  32  2:52  Drone  
  33  2:59  Overlord  
  33  3:04  Hatchery  
  32  3:10  Overlord  
  32  3:14  Baneling x2  
  32  3:15  Zergling x8  
  32  3:19  Drone x3  
  39  3:27  Zergling x2  
  39  3:28  Drone x2  
  42  3:46  Baneling  
  42  3:47  Roach Warren, Baneling  
  42  3:48  Zergling x12  
  46  3:55  Zergling x2  
  46  3:56  Zergling x6  
  49  4:10  Baneling x2  
  49  4:11  Zergling x4  
  49  4:22  Overlord x2  
  51  4:26  Drone x4  
Show
View Real Time Build Order
Export as new Build Order

Solbessx Zerg 

Build Orders: Hatch First 

Get SALT Encoding   

  12  0:00  Drone  
  13  0:12  Overlord  
  13  0:16  Drone  
  14  0:30  Drone x2  
  14  0:34  Drone  
  17  0:53  Hatchery  
  17  0:56  Drone  
  17  1:00  Drone  
  18  1:10  Extractor  
  17  1:15  Spawning Pool  
  17  1:18  Drone  
  17  1:21  Drone  
  18  1:28  Drone  
  19  1:38  Overlord  
  19  2:01  Queen  
  19  2:02  Zergling x4  
  19  2:04  Queen  
  19  2:05  Drone  
  26  2:10  Drone  
  26  2:11  Metabolic Boost  
  27  2:15  Drone  
  27  2:22  Drone  
  29  2:26  Drone  
  30  2:32  Drone  
  31  2:37  Drone  
  32  2:45  Hatchery  
  31  2:53  Overlord  
  31  3:03  Zergling x6  
  34  3:09  Zergling x6  
  36  3:15  Overlord  
  36  3:16  Zergling x2  
  37  3:26  Roach Warren, Lair  
  36  3:27  Zergling x2  
  37  3:34  Zergling x4  
  37  3:39  Zergling x4  
  41  3:47  Drone  
  42  3:49  Drone x2  
  42  3:51  Drone x2  
  42  3:55  Drone x2  
  47  3:59  Drone  
  47  4:02  Drone  
  42  4:14  Drone x2  
  42  4:15  Zergling x6  
  42  4:20  Roach  
  44  4:26  Roach  
  44  4:29  Roach  
Tags
 
Add a new tag
Caveats
  • Supply blocks, unpowered buildings, or Contaminate may cause inaccurate times.
  • Supply counts are checked every 10 seconds.